 Dungeon Crawl Stone Soup version 0.21-a0-513-gdcb3f5e (webtiles) character file.

2616 theanonym the Cleaver (level 9, -2/70 HPs)
             Began as a Minotaur Artificer on Dec 1, 2017.
             Slain by Joseph
             ... wielding a +2 quarterstaff of protection
              (11 damage)
             ... on level 7 of the Dungeon.
             The game lasted 00:14:25 (8516 turns).

theanonym the Cleaver (Minotaur Artificer)          Turns: 8516, Time: 00:14:25

Health: -2/70      AC:  5    Str: 20    XL:     9   Next: 34%
Magic:  10/10      EV: 12    Int:  8    God:
Gold:   365        SH:  0    Dex: 11    Spells: 5/8 levels left

rFire    + . .     SeeInvis .   a - +0 hand axe
rCold    . . .     Gourm    .   (no shield)
rNeg     . . .     Faith    .   p - +2 leather armour {rPois}
rPois    +         Spirit   .   (helmet restricted)
rElec    .         Reflect  .   (no cloak)
rCorr    .         Harm     .   (no gloves)
MR       .....                  (no boots)
Stlth    +.........             (no amulet)
HPRegen  0.21/turn              i - ring of protection from fire {rF+}
MPRegen  0.12/turn              (no ring)

@: drained
A: retaliatory headbutt, horns 2
a: no special abilities


Innate Abilities, Weirdness & Mutations

You reflexively headbutt those who attack you in melee.
You have a pair of horns on your head.


   Skills:
 + Level 3.2(2.3) Fighting
 - Level 1.1(0.1) Short Blades
 - Level 14.0(12.7) Axes
 + Level 1.0(0.1) Armour
 + Level 2.5(1.6) Dodging
 - Level 0.7(0.0) Stealth
 - Level 2.6(1.7) Evocations


You had 5 spell levels left.
You knew the following spells:

 Your Spells              Type           Power        Failure   Level  Hunger
r - Regeneration          Chrm/Necr      #.........   83%         3    ####...

Skill      XL: |  1  2  3  4  5  6  7  8  9 |
---------------+----------------------------+-----
Fighting       | 2 3 |  3.2
Axes           | 1 3 5 6 8 10 13 14 | 14.0
Armour         | 1 |  1.0
Short Blades   | |  1.1
Dodging        | |  2.5
Stealth        | |  0.7
Evocations     | |  2.6

Action                   |  1- 3 |  4- 6 |  7- 9 || total
-------------------------+-------+-------+-------++-------
Melee: Short sword       |    24 |       |       ||    24
       Headbutt          |    18 |    34 |    40 ||    92
       Hand axe          |    60 |   198 |   209 ||   467
Evoke: Wand              |       |     4 |    33 ||    37
  Use: Potion            |       |     4 |       ||     4
       Scroll            |       |     3 |     9 ||    12
 Stab: Paralysed         |       |     8 |       ||     8
  Eat: Chunk             |     2 |     8 |     4 ||    14
       Meat ration       |       |       |     2 ||     2
Armor: Leather armour    |     5 |    11 |    48 ||    64
       Ring mail         |    22 |    42 |       ||    64
Dodge: Dodged            |    49 |    93 |   107 ||   249

Inventory:

Hand Weapons
 a - a +0 hand axe (weapon)
   (You found it on level 1 of the Dungeon)
 j - a +0 short sword
Armour
 g - a +0 chain mail
   (You took it off an orc on level 4 of the Dungeon)
 p - a +2 leather armour of poison resistance (worn)
   (You took it off Edmund on level 6 of the Dungeon)
Jewellery
 b - an uncursed amulet of faith {unknown}
   (You took it off a centaur on level 6 of the Dungeon)
 i - a ring of protection from fire (left hand) {rF+}
   (You found it on level 6 of the Dungeon)
Wands
 c - a wand of flame (10)
 d - a wand of digging (5)
   (You took it off Grinder on level 6 of the Dungeon)
 e - a wand of enslavement (10)
Scrolls
 m - 3 scrolls of remove curse
 o - 3 scrolls of fear {!r}
 r - 2 scrolls of noise {unknown}
 s - 2 scrolls of enchant weapon
 t - a scroll of enchant armour
Potions
 l - 2 potions of cancellation
 n - a potion of degeneration
 w - 2 potions of curing
 x - a potion of flight
Comestibles
 f - 3 bread rations
 h - a meat ration
 k - a royal jelly

Dungeon Overview and Level Annotations

Branches:
Dungeon (7/15)             Temple (1/1) D:6

Altars:
Ashenzari
Cheibriados
Dithmenos
Elyvilon
Fedhas
Gozag
Hepliaklqana
Kikubaaqudgha
Makhleb
Nemelex Xobeh
Okawaru
Qazlal
Ru
Sif Muna
Trog
Uskayaw
Vehumet
Wu Jian
Yredelemnul
Zin
The Shining One

Annotations:
D:7 Joseph


You were on level 7 of the Dungeon.
You were not hungry.

You visited 2 branches of the dungeon, and saw 8 of its levels.

You collected 365 gold pieces.


Message History

You closely miss the worker ant.
You hit the worker ant but do no damage.
Your headbutt misses the worker ant. The worker ant completely misses you.
You furiously retaliate!
You headbutt the worker ant! You completely miss the worker ant.
The worker ant barely misses you.
You closely miss the worker ant. The worker ant bites you.
You take 1 damage, and have 40/70 hp.
You hit the worker ant but do no damage.
Your headbutt misses the worker ant. The worker ant closely misses you.
You hit the worker ant.
You kill the worker ant!
Your base Armour skill increases to level 1!
No target in view!
No target in view!
You start resting.
Health restored: 70 You butcher the worker ant corpse.
q - 2 chunks of flesh (gained 1) Done exploring.
Done exploring.
Done exploring.
Done exploring.
There is a stone staircase leading down here.
Okay, then.
Some of the chunks of flesh in your inventory have rotted away.
You climb downwards.
Level annotation: Joseph
There is a stone staircase leading up here.
You see here a sling bullet.
As you read the scroll labeled OSOBEA FOZO, it crumbles to dust.
The creatures around you are filled with an inner flame!
It was a scroll of immolation.
Joseph shoots a sling bullet.
The sling bullet hits you!!
You take 18 damage, and have 52/70 hp.
MASSIVE DAMAGE!!
As you read the scroll labeled FOCLIG FIKOD, it crumbles to dust.
You feel strangely unstable.
It was a scroll of teleportation.
Joseph shoots a sling bullet.
The sling bullet hits you!
You take 16 damage, and have 36/70 hp.
MASSIVE DAMAGE!!
You climb upwards.
There is a stone staircase leading down here.
You start resting.
Your surroundings suddenly seem different.
You start resting.
Eating a chunk of flesh.
You eat the chunk of flesh.
Health restored: 70
There is a stone staircase leading down here.
Okay, then.
Unknown command.
You climb downwards.
Level annotation: Joseph Joseph shoots a sling bullet.
The sling bullet misses you.
There is a stone staircase leading up, spattered with blood here.
You see here 3 sling bullets.
Joseph shoots a sling bullet.
The sling bullet hits you!
You see here a sling bullet.
You take 9 damage, and have 61/70 hp.
Joseph shoots a sling bullet.
The sling bullet hits you.
You take 5 damage, and have 56/70 hp.
Joseph shoots a sling bullet.
The sling bullet barely misses you.
Joseph shoots a sling bullet.
The sling bullet closely misses you.
Joseph unwields an uncursed hunting sling.
Joseph wields an uncursed quarterstaff of protection.
Joseph hits you with an uncursed quarterstaff of protection!
You take 7 damage, and have 49/70 hp.
You hit Joseph. Joseph closely misses you.
You hit Joseph but do no damage. You closely miss Joseph.
Joseph hits you with an uncursed quarterstaff of protection!
You take 11 damage, and have 38/70 hp.
You hit Joseph but do no damage. You headbutt Joseph.
Joseph hits you with an uncursed quarterstaff of protection.
* * * LOW HITPOINT WARNING * * *
You take 3 damage, and have 35/70 hp.
You are too injured to fight recklessly!
You are too injured to fight recklessly!
You are too injured to fight recklessly!
You are too injured to fight recklessly!
Okay, then.
Unknown command.
Aim: Joseph, wielding a quarterstaff of protection and wearing a leather armour (lightly wounded, chance to defeat MR: 33%) Joseph easily resists.
Joseph hits you with an uncursed quarterstaff of protection.
* * * LOW HITPOINT WARNING * * *
You take 5 damage, and have 30/70 hp.
Aim: Joseph, wielding a quarterstaff of protection and wearing a leather armour (lightly wounded, chance to defeat MR: 33%) Joseph easily resists.
Aim: Joseph, wielding a quarterstaff of protection and wearing a leather armour (lightly wounded, chance to defeat MR: 33%) Joseph easily resists.
Joseph hits you with an uncursed quarterstaff of protection.
* * * LOW HITPOINT WARNING * * *
You take 5 damage, and have 26/70 hp.
Aim: Joseph, wielding a quarterstaff of protection and wearing a leather armour (lightly wounded, chance to defeat MR: 33%) Joseph easily resists.
Joseph hits you with an uncursed quarterstaff of protection!
* * * LOW HITPOINT WARNING * * *
You take 17 damage, and have 9/70 hp.
MASSIVE DAMAGE!!
Aim: Joseph, wielding a quarterstaff of protection and wearing a leather armour (lightly wounded, chance to defeat MR: 33%) Joseph easily resists.
Joseph hits you with an uncursed quarterstaff of protection!
You die...

............#
...........# .....#.>..#
.. .. #..#......#+####
#. ..
####...............
..##. .................
.... #...@.......:. ..#
#....@...).# #.#
#..........# ###.##
#..........# .....####
##........).#
........###...[......##
.........#..........(รท#
.......#...#.......((<#
.......##.............#
.......#..##..........#


You could see Joseph.

Notes
Turn   | Place    | Note
-------+----------+-------------------------------------------
     0 | D:1      | theanonym the Minotaur Artificer began the quest for the Orb.
     0 | D:1      | Reached XP level 1. HP: 16/16 MP: 1/1
    17 | D:1      | Reached skill level 2 in Fighting
   123 | D:1      | Reached XP level 2. HP: 25/25 MP: 3/3
   274 | D:1      | Reached skill level 1 in Axes
   588 | D:1      | Reached XP level 3. HP: 30/30 MP: 4/4
   606 | D:1      | Reached skill level 2 in Axes
   888 | D:2      | Reached skill level 3 in Axes
  1437 | D:2      | Reached XP level 4. HP: 36/37 MP: 5/5
  1644 | D:3      | HP: 13/37 [orc priest/divine providence (9)]
  1645 | D:3      | Reached skill level 4 in Axes
  1882 | D:3      | Noticed zero's ghost (amateur GrEE)
  1970 | D:3      | Killed zero's ghost
  1970 | D:3      | Reached skill level 5 in Axes
  1970 | D:3      | Reached XP level 5. HP: 44/44 MP: 6/6
  2045 | D:3      | HP: 22/44 [something/magic dart (7)]
  2051 | D:3      | Reached skill level 6 in Axes
  2051 | D:3      | HP: 19/44 [orc (3)]
  3011 | D:4      | HP: 20/44 [worker ant (5)]
  3012 | D:4      | Reached XP level 6. HP: 23/50 MP: 7/7
  3018 | D:4      | HP: 22/50 [poisoned by a worker ant]
  3026 | D:4      | HP: 22/50 [poisoned by a worker ant]
  3455 | D:4      | Noticed darxusza's ghost (amateur OpTm)
  3602 | D:4      | Killed darxusza's ghost
  3602 | D:4      | Reached skill level 7 in Axes
  3703 | D:4      | Reached skill level 8 in Axes
  3996 | D:4      | Reached XP level 7. HP: 41/56 MP: 8/8
  4319 | D:5      | Entered Level 5 of the Dungeon
  4415 | D:5      | Reached skill level 9 in Axes
  4559 | D:5      | HP: 26/56 [orc wizard/puff of flame (6)]
  4740 | D:5      | Found a hide-covered altar of Uskayaw.
  4760 | D:5      | HP: 22/56 [ogre/giant spiked club (8)]
  4771 | D:5      | HP: 20/56 [hound skeleton (2)]
  5322 | D:5      | Reached skill level 10 in Axes
  5466 | D:5      | Reached XP level 8. HP: 60/62 MP: 9/9
  5473 | D:5      | Reached skill level 11 in Axes
  5864 | D:6      | Reached skill level 12 in Axes
  5871 | D:6      | Noticed Grinder
  6056 | D:6      | Found a shadowy altar of Dithmenos.
  6082 | D:6      | Learned a level 3 spell: Regeneration
  6093 | D:6      | Noticed Edmund
  6099 | D:6      | HP: 27/62 [Edmund/dire flail of crushing (11)]
  6102 | D:6      | Killed Edmund
  6488 | D:6      | Found a staircase to the Ecumenical Temple.
  6490 | D:6      | Noticed Menkaure
  6496 | D:6      | Killed Menkaure
  6509 | Temple   | Entered the Ecumenical Temple
  6655 | D:6      | Reached skill level 13 in Axes
  6656 | D:6      | Paralysed by Grinder for 7 turns
  6723 | D:6      | Paralysed by Grinder for 6 turns
  6732 | D:6      | Killed Grinder
  6732 | D:6      | Reached XP level 9. HP: 68/68 MP: 10/10
  7040 | D:6      | HP: 28/68 [centaur/arrow (17)]
  7297 | D:6      | Found a blossoming altar of Fedhas.
  7297 | D:6      | Found a white marble altar of Elyvilon.
  7299 | D:6      | Found a stormy altar of Qazlal.
  7303 | D:6      | HP: 28/68 [ice beast (14)]
  7662 | D:7      | HP: 32/68 [worker ant (3)]
  7664 | D:7      | HP: 15/68 [wight/dagger of freezing (2)]
  7669 | D:7      | HP: 11/68 [poisoned by a worker ant]
  7675 | D:7      | HP: 7/68 [poisoned by a worker ant]
  7680 | D:7      | HP: 5/68 [poisoned by a worker ant]
  7685 | D:7      | HP: 4/68 [poisoned by a worker ant]
  7692 | D:7      | HP: 4/68 [poisoned by a worker ant]
  7700 | D:7      | HP: 4/68 [poisoned by a worker ant]
  8014 | D:7      | Reached skill level 3 in Fighting
  8140 | D:7      | Noticed Joseph
  8151 | D:7      | Reached skill level 14 in Axes
  8166 | D:6      | Reached skill level 1 in Armour
  8511 | D:7      | HP: 35/70 [Joseph/uncursed quarterstaff of protection (3)]
  8515 | D:7      | HP: 9/70 [Joseph/uncursed quarterstaff of protection (17)]
  8516 | D:7      | Slain by Joseph

Vanquished Creatures
  Grinder (D:6)
  Menkaure (D:6)
  The ghost of darxusza the Insei, an amateur OpTm (D:4)
  Edmund (D:6)
  A sky beast (D:5)
  2 ogres (D:5)
  An ice beast (D:6)
  A phantom (D:5)
  A centaur (D:6)
  The ghost of zero the Digger, an amateur GrEE (D:3)
  3 bullfrogs
  A wyvern skeleton (D:5)
  A water moccasin skeleton (D:5)
  9 wights
  A howler monkey (D:7)
  2 crimson imps (D:5)
  A jelly (D:6)
  3 orc priests
  3 hounds
  4 orc wizards
  5 worker ants
  A hound zombie (D:5)
  2 hound skeletons
  3 gnolls
  5 adders
  2 oozes
  An adder skeleton (D:4)
  3 worms
  2 dart slugs (D:1)
  4 leopard geckos
  25 orcs
  8 bats
  6 giant cockroaches
  5 goblins
  11 hobgoblins
  14 jackals
  7 kobolds
  4 quokkas
  A ball python (D:5)
  A frilled lizard (D:3)
  A giant cockroach zombie (D:4)
  A jackal skeleton (D:6)
  A quokka skeleton (D:4)
  A rat (D:1)
153 creatures vanquished.
